 Dungeon Crawl Stone Soup version 0.29.1-1-gd02db6906a (webtiles) character file.

Game seed: 18224009383756205049

121 hawla the Firebug (level 5, -3/38 HPs)
             Began as a Meteoran Fire Elementalist on Oct 11, 2022.
             Slain by a hobgoblin (5 damage)
             ... on level 3 of the Dungeon.
             The game lasted 00:07:10 (1334 turns).

hawla the Firebug (Meteoran Fire Elementalist)      Turns: 1334, Time: 00:07:11

Health: -3/38      AC:  2    Str:  9    XL:     5   Next: 51%
Magic:  4/12       EV: 13    Int: 18    God:
Gold:   118        SH:  0    Dex: 15    Spells: 5/12 levels left

rFire   . . .      SeeInvis .   (no weapon)
rCold   . . .      Faith    .   (no shield)
rNeg    . . .      Spirit   .   a - +0 robe
rPois   .          Reflect  .   (no helmet)
rElec   .          Harm     .   (no cloak)
rCorr   .          Rampage  .   (no gloves)
Will    .....                   (no boots)
Stlth   +.........              (no amulet)
HPRegen 0.12/turn               (no ring)
MPRegen 0.13/turn               (no ring)

@: very slightly contaminated, glowing
A: sense surroundings 1, otherworldly, glowing, explore regen
a: no special abilities


You were on level 3 of the Dungeon.
You visited 1 branch of the dungeon, and saw 3 of its levels.

You collected 118 gold pieces.

Inventory:

Armour
 a - a +0 robe (worn)
Jewellery
 d - a ring of fire
Wands
 f - a wand of iceblast (10)
Scrolls
 j - a scroll of immolation {unknown}
 k - a scroll of fog {unknown}
Potions
 b - a potion of magic
 c - 2 potions of haste {unknown}
 e - 2 potions of brilliance {unknown}
 g - a potion of curing
 h - a potion of mutation {unknown}
 l - 2 potions of resistance {unknown}


   Skills:
 - Level 2.8 Dodging
 - Level 1.5 Stealth
 - Level 4.1 Spellcasting
 + Level 2.1 Conjurations
 + Level 5.3 Fire Magic


You had 5 spell levels left.
You knew the following spells:

 Your Spells              Type           Power      Damage    Failure   Level
a - Foxfire               Conj/Fire      68%        2x1d7     3%          1
b - Scorch                Fire           44%        2d7       2%          2
c - Flame Wave            Conj/Fire      17%        2d7       32%         4

Your spell library contained the following spells:

 Spells                   Type           Power      Damage    Failure   Level
 Conjure Flame            Conj/Fire      17%        6-21      10%         3
 Slow                     Hex            12%        N/A       14%         1
 Inner Flame              Hex/Fire       13%        N/A       14%         3
 Confusing Touch          Hex            3%         N/A       41%         3
 Vampiric Draining        Necr           3%         2d6       41%         3
 Iskenderun's Battlesphe  Conj           11%        2d7       86%         5
 Iron Shot                Conj/Erth      3%         9d2       100%        6
 Spellforged Servitor     Conj/Summ      3%         N/A       100%        7


Dungeon Overview and Level Annotations

Branches:
Dungeon (3/15) Zot: 442

Altars:

Annotations:
D:3 Natasha


Innate Abilities, Weirdness & Mutations

You passively map a small area around you.
You are easily found by Zot.
You glow in the dark.
You regain HP and MP as you explore.


Message History

Flames lash the adder.
The adder is heavily wounded.
The adder's fire resistance burns away.
The adder barely misses you.
Your magical contamination has completely faded away.
Casting: Scorch (safe; 2% risk of failure)
Confirm with . or Enter, or press ? or * to list all spells.
Flames lash the adder.
The adder is burned terribly!
You kill the adder!
You start waiting.
Magic restored.
You climb downwards.
Level annotation: Natasha The rat bites you.
The hobgoblin completely misses you.
The orc wizard points at you and mumbles some strange words.
You resist with some effort.
There is a stone staircase leading up here.
Casting: Scorch (safe; 2% risk of failure)
Confirm with . or Enter, or press ? or * to list all spells.
The spell is extremely dangerous to miscast (32% risk of failure)!
Continue anyway?
Casting: Flame Wave (extremely dangerous; 32% risk of failure)
Press: ? - help, Dir - look around, f - activate You miscast Flame Wave.
You are very lightly contaminated with residual magic.
Nothing appears to happen.
The rat barely misses you. The rat bites you. The hobgoblin hits you.
The goblin shoots a sling bullet.
The sling bullet hits you.
Casting: Flame Wave (extremely dangerous; 32% risk of failure)
Confirm with . or Enter, or press ? or * to list all spells.
The spell is extremely dangerous to miscast (32% risk of failure)!
Continue anyway?
Casting: Flame Wave (extremely dangerous; 32% risk of failure)
Press: ? - help, Dir - look around, f - activate You miscast Flame Wave.
Sparks fly from your hands!
* * * LOW HITPOINT WARNING * * *
The rat barely misses you. The hobgoblin hits you.
* * * LOW HITPOINT WARNING * * *
The rat bites you but does no damage. The rat bites you.
* * * LOW HITPOINT WARNING * * *
The hobgoblin hits you.
You die...

..J..g..# #.#***,,,........# #.##
.5>.#.o####.# #.#*#######.###.##
..,,#.[5r...####.# #.......
*.###..hr.gh...#.#*#########.....
,.....#####.##................###
,##.##* #5#**#.##########......
**#.#### #r# #.# #.......##### *
#..S.# ##r####g####.#####.# # *
####g# #..{#.r@..##.# #.# # *
#.###...#...r.##.#####.# # *
#.#....hg[.....†.....#.#***# ****
#h#.....o.....##.###.#..(... ,,,*
#.#......>....##.# *,..#...# **,*
#........#.#####.# ***.#...#
,,,**#####...##.# #.# *,##.*#
,,,,,,** #.####.# #.# *,*#.*#
,,,_,,,**#.# #.# #.# *,**,**


You could see an orc wizard, Natasha, a hobgoblin, a goblin and 2 rats.

Vanquished Creatures
  Ijyb (D:3)
  3 adders
  A worm (D:2)
  A dart slug (D:3)
  3 ball pythons
  5 endoplasms
  4 giant cockroaches
  6 goblins
  10 hobgoblins
  2 kobolds
  5 quokkas
  6 bats
  A frilled lizard (D:3)
  6 rats
54 creatures vanquished.

Vanquished Creatures (others)
  112 foxfires
112 creatures vanquished.

Grand Total: 166 creatures vanquished

Notes
Turn   | Place    | Note
-------+----------+-------------------------------------------
     0 | D:1      | hawla the Meteoran Fire Elementalist began the quest for
                  | the Orb.
     0 | D:1      | Reached XP level 1. HP: 14/14 MP: 5/5
    62 | D:1      | Reached skill level 4 in Fire Magic
    62 | D:1      | Reached XP level 2. HP: 20/20 MP: 3/6
   130 | D:1      | Learned a level 2 spell: Scorch
   176 | D:1      | Reached XP level 3. HP: 26/26 MP: 5/8
   217 | D:1      | Found a faded altar of an unknown god.
   500 | D:1      | Glimpsed the power of Zot.
   556 | D:2      | Reached XP level 4. HP: 28/33 MP: 7/10
   986 | D:3      | Noticed Ijyb
   993 | D:3      | Killed Ijyb
   994 | D:3      | Reached XP level 5. HP: 28/38 MP: 3/12
   995 | D:3      | Noticed Natasha
  1035 | D:3      | Learned a level 4 spell: Flame Wave
  1103 | D:3      | Reached skill level 5 in Fire Magic
  1334 | D:3      | Slain by a hobgoblin

Illustrated notes

Levels and vault maps discovered:
D:1:      nicolae_arrival_washed_ashore, layout_rooms,
          hellmonk_ecumenical_altar_heavens_door
D:2:      layout_rooms
D:3:      minmay_evil_eye, layout_loops_ring,
          chequers_temple_overflow_statue_of_worship, st_stairs_3, uniq_natasha,
          uniq_ijyb

Skill      XL: |  1  2  3  4  5 |
---------------+----------------+-----
Fire Magic     | 4 5 |  5.3
Spellcasting   | 3 4 |  4.1
Conjurations   | 2 |  2.1
Dodging        | |  2.8
Stealth        | |  1.5

Action                   |  1- 3 |  4- 6 || total
-------------------------+-------+-------++-------
Melee: Unarmed           |    11 |    11 ||    22
 Cast: Foxfire           |    42 |    29 ||    71
       Scorch            |     2 |    16 ||    18
  Use: Scroll            |     3 |     2 ||     5
       Potion            |       |     1 ||     1
Armor: Robe              |     4 |     9 ||    13
Dodge: Dodged            |    15 |    31 ||    46
